 Dungeon Crawl Stone Soup version 0.30.1-11-g7821555f0a (webtiles) character file.

Game seed: 13937693384475511753

23 Peloso the Covered (level 2, 27/27 HPs)
             Began as a Minotaur Fighter on Nov 10, 2023.
             Got out of the dungeon alive.
             The game lasted 00:01:02 (450 turns).

Peloso the Covered (Minotaur Fighter)                Turns: 450, Time: 00:01:03

Health: 27/27      AC:  9    Str: 20    XL:     2   Next: 75%
Magic:  1/1        EV:  7    Int:  5    God:
Gold:   35         SH:  4    Dex:  9    Spells: 1/1 levels left

rFire   . . .        a - +0 long sword
rCold   . . .        d - +0 buckler
rNeg    . . .        c - +0 chain mail
rPois   .            (helmet restricted)
rElec   .            (no cloak)
rCorr   .            (no gloves)
SInv    .            (no boots)
Will    .....        (no amulet) Stlth
                     (no ring)
HPRegen 0.24/turn    (no ring)
MPRegen 0.07/turn

%: no passive effects
@: no status effects
A: horns 2, retaliatory headbutt, inability to drink after injury 1
a: no special abilities


You escaped.
You visited 1 branch of the dungeon, and saw 1 of its levels.

You collected 35 gold pieces.

Inventory:

Hand Weapons
 a - a +0 long sword (weapon)
Armour
 b - a +0 scale mail
 c - a +0 chain mail (worn)
 d - a +0 buckler (worn)
Scrolls
 e - a scroll of identify {unknown}
 f - a scroll of torment {unknown}
Potions
 h - 2 potions of might


   Skills:
 + Level 4.0 Fighting
 + Level 2.6 Long Blades
 + Level 4.2 Armour
 + Level 4.0 Shields


You had one spell level left.
You didn't know any spells.
Your spell library contained the following spells:

 Spells                   Type           Power      Damage    Failure   Level
 Sting                    Tmut/Pois      0%         1d3       99%         1
 Poisonous Vapours        Pois/Air       0%         N/A       100%        2
 Olgreb's Toxic Radiance  Pois           0%         N/A       100%        4


Dungeon Overview and Level Annotations

Branches:
Dungeon (1/15)

Altars:


Innate Abilities, Weirdness & Mutations

You have a pair of horns on your head.
You reflexively headbutt those who attack you in melee.
You occasionally lose the ability to drink potions when taking damage.


Message History

The goblin shouts!
You finish putting on your +0 chain mail.
You start putting on your armour.
You continue putting on your +0 buckler. x4
You finish putting on your +0 buckler.
You closely miss the goblin. Your headbutt misses the goblin.
The goblin hits you but does no damage.
You hit the goblin but do no damage. The goblin barely misses you.
You hit the goblin.
You kill the goblin!
You now have 35 gold pieces (gained 9).
Things that are here:
a +0 club; a goblin corpse It was a potion of mutation.
You feel extremely strange.
You occasionally lose the ability to drink potions when taking damage.
(D) Dungeon
Where to? (? - help)
What level of the Dungeon? (default 1, ? - help)
An endoplasm comes into view.
The endoplasm quivers.
The endoplasm hits you.
You hit the endoplasm but do no damage.
The endoplasm hits you but does no damage.
You slash the endoplasm!
You kill the endoplasm!
(D) Dungeon
Where to? (Enter - D:1 @ (x,y), ? - help)
You see here a +0 sling.
A ball python comes into view.
The ball python hisses angrily.
You see here a jackal skeleton.
The ball python bites you but does no damage.
The ball python completely misses you. The ball python closely misses you.
You furiously retaliate!
You headbutt the ball python!
You kill the ball python!
(D) Dungeon
Where to? (Enter - D:1 @ (x,y), ? - help)
There is a staircase leading out of the dungeon here.
Are you sure you want to leave the Dungeon?
This will make you lose the game!
You have escaped!

#.# #. #.. #.### ###
#...## . #....#
######### .##
#....###...8...## ..#
#....##..8.@.8..## #.# #
#....#8.........8# #.#
#. ##......8..(..8....
#.#
.#.###....#8.........8#.
#.####
......#...##..8...8..##
#.....
.#........###...8...##
#.#### >.........#
######### #.#
######...## #.# #.###
#### #### #.#


There were no monsters in sight!

Vanquished Creatures
  4 bats (D:1)
  2 endoplasms (D:1)
  2 giant cockroaches (D:1)
  A goblin (D:1)
  5 hobgoblins (D:1)
  2 jackals (D:1)
  A ball python (D:1)
  A kobold (D:1)
  A rat (D:1)
19 creatures vanquished.

Notes
Turn   | Place    | Note
-------+----------+-------------------------------------------
     0 | D:1      | Peloso the Minotaur Fighter began the quest for the Orb.
     0 | D:1      | Reached XP level 1. HP: 19/19 MP: 0/0
    88 | D:1      | Reached XP level 2. HP: 27/27 MP: 1/1
   329 | D:1      | Gained mutation: You occasionally lose the ability to drink
                  | potions when taking damage. [potion of mutation]
   450 | D:$      | Got out of the dungeon alive.

Illustrated notes

Levels and vault maps discovered:
D:1:      erik_arrival_orb_chamber, layout_loops_ring, minivault_24

Skill      XL: |  1  2 |
---------------+-------+-----
Shields        | 4 |  4.0
Armour         | 4 |  4.2
Fighting       | 4 |  4.0
Long Blades    | |  2.6

Action                     || total
---------------------------++-------
  Melee: Long sword        ||    39
         Headbutt          ||     3
    Use: Potion            ||     1
 Armour: Scale mail        ||    24
         Chain mail        ||     3
  Dodge: Dodged            ||    23
  Block: Buckler           ||    13
